 Dungeon Crawl Stone Soup version 0.20.0-15-g7f486f2 (webtiles) character file.

37 Malak the Slasher (level 3, -2/31 HPs)
             Began as a Minotaur Fighter on June 18, 2017.
             Was an Initiate of Uskayaw.
             Slain by Sigmund
             ... wielding a cursed -1 scythe
              (5 damage)
             ... on level 2 of the Dungeon.
             The game lasted 00:03:52 (980 turns).

Malak the Slasher (Minotaur Fighter)                 Turns: 980, Time: 00:03:53

Health: -2/31      AC:  6    Str: 25    XL:     3   Next: 21%
Magic:  2/2        EV:  9    Int:  5    God:    Uskayaw [......]
Gold:   98         SH:  0    Dex: 10    Spells: 2/2 levels left

rFire    . . .     SeeInvis .   a - +0 long sword
rCold    . . .     Gourm    .   (no shield)
rNeg     . . .     Faith    .   b - +0 scale mail
rPois    .         Spirit   .   (helmet restricted)
rElec    .         Reflect  .   (no cloak)
rCorr    .         Harm     .   (no gloves)
MR       .....                  (no boots)
Stlth    ..........             (no amulet)
Regen    0.1/turn               (no ring)
MPRegen  0.1/turn               (no ring)

@: mighty
A: retaliatory headbutt, horns 2
a: Renounce Religion


You were on level 2 of the Dungeon.
You worshipped Uskayaw.
Uskayaw was noncommittal.
You were not hungry.

You visited 1 branch of the dungeon, and saw 2 of its levels.

You collected 98 gold pieces.

Inventory:

Hand Weapons
 a - a +0 long sword (weapon)
Armour
 b - a +0 scale mail (worn)
 c - a +0 shield
 n - a +0 chain mail
Scrolls
 e - 2 scrolls of identify {unknown}
 i - a scroll of blinking {unknown}
 j - a scroll of teleportation {unknown}
 k - a scroll of enchant armour {unknown}
 l - 3 scrolls of remove curse {unknown}
Potions
 m - a potion of curing {unknown}
Comestibles
 f - a bread ration
 g - 2 chunks of flesh
 h - a meat ration


   Skills:
 - Level 3.6 Fighting
 + Level 4.4 Long Blades
 - Level 3.6 Armour
 - Level 3.6 Shields


You had 2 spell levels left.
You didn't know any spells.

Dungeon Overview and Level Annotations

Branches:
Dungeon (2/15)

Altars:
Cheibriados
Dithmenos
Uskayaw

Annotations:
D:2 Sigmund


Innate Abilities, Weirdness & Mutations

You reflexively headbutt those who attack you in melee.
You have a pair of horns on your head.


Message History

You are too injured to fight recklessly!
You are too injured to fight recklessly!
You are too injured to fight recklessly!
You are too injured to fight recklessly!
You closely miss the bat. Your headbutt misses the bat.
The bat is moderately wounded.
The bat hits you but does no damage. The bat barely misses you.
Something hits you but does no damage. The bat hits you.
You miss something. The bat hits you but does no damage.
The bat barely misses you.
You riposte.
You miss the bat.
The bat is moderately wounded.
Something hits you!
* * * LOW HITPOINT WARNING * * *
The bat barely misses you.
You closely miss something. You headbutt something. The bat closely misses you.
You riposte.
You closely miss the bat. Your headbutt misses the bat.
The bat is moderately wounded.
Something hits you.
You die...

#.# #_# #.# ### #.#
#.# #+## #.# #...#
#.### #..... #...#
#......
####...####.......
......b.@{.'.......
#####...####.......
##..# #...... ##.#
#..... #.# #..?#
#.# #+## #.# ..


You could see a bat.

Vanquished Creatures
  A leopard gecko (D:2)
  2 ball pythons
  A giant cockroach (D:1)
  5 goblins (D:1)
  2 hobgoblins (D:1)
  9 jackals (D:1)
  4 kobolds
  4 bats (D:1)
  2 rats (D:1)
30 creatures vanquished.

Notes
Turn   | Place    | Note
-------+----------+-------------------------------------------
     0 | D:1      | Malak the Minotaur Fighter began the quest for the Orb.
     0 | D:1      | Reached XP level 1. HP: 19/19 MP: 0/0
    81 | D:1      | Reached skill level 3 in Long Blades
   171 | D:1      | Reached XP level 2. HP: 26/26 MP: 1/1
   231 | D:1      | Reached skill level 4 in Long Blades
   453 | D:1      | Reached XP level 3. HP: 29/31 MP: 2/2
   907 | D:2      | Found a shadowy altar of Dithmenos.
   912 | D:2      | Found a snail-covered altar of Cheibriados.
   917 | D:2      | Found a hide-covered altar of Uskayaw.
   925 | D:2      | Became a worshipper of Uskayaw the Reveler
   966 | D:2      | Noticed Sigmund
   980 | D:2      | Slain by Sigmund

Skill      XL: |  1  2 |
---------------+-------+-----
Long Blades    | 3 4 |  4.4
Fighting       | |  3.6
Armour         | |  3.6
Shields        | |  3.6

Action                   || total
-------------------------++-------
Melee: Long sword        ||    62
       Headbutt          ||    11
  Use: Potion            ||     1
Armor: Scale mail        ||    34
Dodge: Dodged            ||    42
       Rpst.: Long sword ||    15
